 Dungeon Crawl Stone Soup version bcrawl-1.40.3b (webtiles) character file.

Game seed: 18273633691842039135

112002 rumpelstilzz the Chucker (level 4, -3/42 HPs)
             Began as a Troll Hunter on Feb 12, 2024.
             Slain by a howler monkey (6 damage)
             ... on level 3 of the Dungeon.
             The game lasted 00:04:09 (2142 turns).

rumpelstilzz the Chucker (Troll Hunter)             Turns: 2142, Time: 00:04:10

Health: -3/42      AC:  5    Str: 20    XL:     4   Next: 13%
Magic:  3/3        EV: 10    Int: 15    God:
Gold:   120        SH:  0    Dex: 10    Spells: 3/3 levels left

rFire    + . .     GDR:     26% a - +0 club
rCold    . . .     SeeInvis .   (no shield)
rNeg     . . .     Gourm    +   (armour unavailable)
rPois    .         Faith    .   (helmet restricted)
rElec    .         Spirit   .   (no cloak)
rCorr    .         Reflect  .   (gloves unavailable)
MR       .....                  (boots unavailable)
Stlth    +.........             (no amulet)
HPRegen  0.57/turn              l - +6 ring of intelligence
MPRegen  0.08/turn              q - ring of protection from fire

@: lethally poisoned (-3 -> -7)
A: large, almost no armour, claws 3, fast metabolism 3, gourmand, regeneration
1, AC +5
a: no special abilities


You were on level 3 of the Dungeon.
You were very full.

You visited 1 branch of the dungeon, and saw 3 of its levels.

You collected 120 gold pieces.

Inventory:

Hand Weapons
 a - a +0 club (weapon)
Missiles
 b - 119 large rocks (quivered)
 c - 2 throwing nets {=f}
 d - 420 stones
 f - 42 poisoned tomahawks
Jewellery
 l - a +6 ring of intelligence (left claw)
 q - a ring of protection from fire (right claw)
Scrolls
 h - a scroll of remove curse {unknown}
 k - a scroll of revelation {unknown}
 n - a scroll of teleportation {unknown}
 p - 3 scrolls of enchant weapon {unknown}
 r - a scroll of fog {unknown}
Potions
 g - a potion of magic {unknown}
 i - a potion of flight {unknown}
 j - a potion of curing {unknown}
 m - a potion of ambrosia {unknown}
Comestibles
 e - 8 rations {!d}
 o - 11 chunks of flesh


   Skills:
 + Level 2.1 Fighting
 + Level 1.6 Maces & Flails
 + Level 4.1 Throwing
 + Level 2.1 Dodging
 + Level 0.6 Stealth


You had 3 spell levels left.
You didn't know any spells.
Your spell library was empty.

Dungeon Overview and Level Annotations

Branches:
Dungeon (3/12)

Altars:


Innate Abilities, Weirdness & Mutations

You cannot wear most types of armour.
Your thick skin is tough. (AC +5)
You are too large for most types of armour.
You have claws for hands.
Your metabolism is lightning-fast.
You like to eat raw meat.
Your natural rate of healing is unusually fast.


Message History

* * * LOW HITPOINT WARNING * * *
You hit the worker ant.
The worker ant is severely wounded.
You feel sick. The worker ant bites you.
* * * LOW HITPOINT WARNING * * *
You are more poisoned.
The worker ant poisons you!
The howler monkey hoots and howls with incredible vigour!
The worker ant closely misses you. The howler monkey closely misses you.
You hear a shout! x2
You hit the worker ant but do no damage.
The worker ant is severely wounded.
You feel sick. The worker ant barely misses you.
The howler monkey closely misses you. The worker ant bites you.
* * * LOW HITPOINT WARNING * * *
You closely miss the worker ant.
The worker ant is severely wounded.
* * * LOW HITPOINT WARNING * * *
You feel sick. The howler monkey hits you.
You die...

# ###
..$.#Fa################
.....sh@).............#
..#.#s###############.#
#.r.# ###.## #...#
#..... #...# #.....
#.#.# ###########.....
.)sr. .............>..
##.... #######.#.######
#.... #.#...


You could see a bullfrog, a howler monkey, a worker ant, a quokka and 2 giant
cockroaches.

Vanquished Creatures
  An adder skeleton (D:2)
  3 dart slugs
  7 leopard geckos
  3 orcs
  A ball python (D:2)
  8 bats
  3 giant cockroaches
  5 goblins
  11 hobgoblins
  2 quokkas
  3 frilled lizards (D:2)
  3 kobolds
  3 rats
53 creatures vanquished.

Notes
Turn   | Place    | Note
-------+----------+-------------------------------------------
     0 | D:1      | rumpelstilzz the Troll Hunter began the quest for the Orb.
     0 | D:1      | Reached XP level 1. HP: 19/19 MP: 0/0
    87 | D:1      | Reached XP level 2. HP: 12/28 MP: 1/1
   133 | D:1      | Reached skill level 4 in Throwing
   694 | D:1      | Reached XP level 3. HP: 30/35 MP: 2/2
  1152 | D:2      | Reached skill level 1 in Maces & Flails
  1936 | D:3      | Gained mutation: Your natural rate of healing is unusually
                  | fast. [Troll growth]
  1936 | D:3      | Reached XP level 4. HP: 42/42 MP: 3/3
  2130 | D:3      | Noticed a bullfrog
  2142 | D:3      | Slain by a howler monkey

Skill      XL: |  1  2  3 |
---------------+----------+-----
Throwing       | 4 |  4.1
Fighting       | 2 |  2.1
Maces & Flails | 1 |  1.6
Dodging        | 2 |  2.1
Stealth        | |  0.6

Action                   |  1- 3 |  4- 6 || total
-------------------------+-------+-------++-------
Melee: Short sword       |    22 |       ||    22
       Club              |   152 |    51 ||   203
Throw: Large rock        |     1 |       ||     1
 Stab: Sleeping          |     2 |       ||     2
  Eat: Chunk             |    23 |     2 ||    25
Armor: Skin              |    67 |    16 ||    83
Dodge: Dodged            |   103 |    32 ||   135
